 Dungeon Crawl Stone Soup version 0.20.0-10-g0535bb4 (webtiles) character file.

485 drt the Purveyor of Pain (level 6, -6/41 HPs)
             Began as a Demonspawn Necromancer on June 5, 2017.
             Was an Initiate of Kikubaaqudgha.
             Mangled by an ogre
             ... wielding a +0 giant club
              (9 damage)
             ... on level 6 of the Dungeon.
             The game lasted 00:38:17 (5098 turns).

drt the Purveyor of Pain (Demonspawn Necromancer)   Turns: 5098, Time: 00:38:19

Health: -6/41      AC:  8    Str:  8    XL:     6   Next: 88%
Magic:  13/13      EV: 12    Int: 19    God:    Kikubaaqudgha [......]
Gold:   312        SH:  0    Dex: 13    Spells: 8/14 levels left

rFire    . . .     SeeInvis .   c - staff of energy
rCold    . . .     Gourm    .   (no shield)
rNeg     + . .     Faith    .   a - +2 robe
rPois    .         Spirit   .   (no helmet)
rElec    .         Reflect  .   (no cloak)
rCorr    .         Harm     .   C - +0 pair of gloves
MR       .....                  (no boots)
Stlth    ++++......             (no amulet)
Regen    0.2/turn               e - ring of stealth
MPRegen  0.2/turn               t - ring of positive energy

@: no status effects
A: icy blue scales 2, demonic guardian 1, nightstalker 1
a: Renounce Religion


You were on level 6 of the Dungeon.
You worshipped Kikubaaqudgha.
Kikubaaqudgha was noncommittal.
You were not hungry.

You visited 2 branches of the dungeon, and saw 7 of its levels.

You collected 312 gold pieces.

Inventory:

Hand Weapons
 f - a +0 club
 i - a +0 dagger
 m - a +0 mace
 n - a -1 short sword
 o - a +2 spear of venom
 B - a +3 flail
 D - the +9 sword of Zonguldrok {reap}
   (You found it on level 4 of the Dungeon)

   If a monster killed with it leaves a corpse in good enough shape, the corpse
   will be animated as a zombie friendly to the killer.
Missiles
 j - 106 stones (quivered)
 y - a throwing net
Armour
 a - a +2 robe (worn)
 d - a +0 ring mail
 k - a +0 robe
 l - a +0 ring mail
 v - a +0 chain mail
 A - a +0 cloak
 C - a +0 pair of gloves (worn)
Magical Staves
 c - an uncursed staff of energy (weapon)
Jewellery
 e - a ring of stealth (left hand)
 t - a ring of positive energy (right hand)
Wands
 w - a wand of digging (24/24)
Scrolls
 q - 5 scrolls of teleportation
 r - a scroll of fear
 u - 2 scrolls of remove curse
Potions
 s - 2 potions of haste
 x - a potion of cancellation
 z - a potion of ambrosia
Books
 b - a book of Necromancy

   Spells                             Type                      Level
   a - Pain                           Necromancy                   1
   b - Animate Skeleton               Necromancy                   1
   c - Vampiric Draining              Necromancy                   3
   d - Regeneration                   Charms/Necromancy            3
   e - Animate Dead                   Necromancy                   4
   f - Control Undead                 Necromancy                   4
Comestibles
 g - 5 meat rations
 h - a fruit
 p - 2 bread rations


   Skills:
 + Level 0.3 Long Blades
 + Level 2.1 Dodging
 - Level 1.7 Stealth
 + Level 4.8 Spellcasting
 + Level 7.1 Necromancy


You had 8 spell levels left.
You knew the following spells:

 Your Spells              Type           Power        Failure   Level  Hunger
a - Pain                  Necr           ####         1%          1    None
b - Animate Skeleton      Necr           N/A          1%          1    None
c - Animate Dead          Necr           N/A          6%          4    None


Dungeon Overview and Level Annotations

Branches:
Dungeon (6/15)             Temple (1/1) D:4

Altars:
Ashenzari
Hepliaklqana
Kikubaaqudgha
Makhleb
Nemelex Xobeh
Okawaru
Qazlal
Ru
Trog
Uskayaw
Xom
Yredelemnul


Innate Abilities, Weirdness & Mutations

You are mostly covered in icy blue scales. (AC +3)
A weak demonic guardian rushes to your aid.
You are slightly more attuned to the shadows.


Message History

You see here an arrow.
Your quasit bites the ogre.
Your quasit claws the ogre.
Your quasit claws the ogre but does no damage.
Found a potion of heal wounds.
Your quasit bites the ogre.
Your quasit claws the ogre but does no damage.
Your quasit closely misses the ogre.
The black bear barely misses your quasit.
The black bear claws your quasit. The black bear misses your quasit.
Your quasit bites the black bear.
Your quasit claws the black bear but does no damage. x2
Your white imp hits the ogre.
Your white imp freezes the ogre.
You channel some magical energy.
You feel slightly more hungry.
The centaur shoots an arrow.
The arrow barely misses your quasit.
The arrow hits the ogre.
Your quasit barely misses the black bear. x2
Your quasit claws the black bear but does no damage.
The ogre hits you with a giant club!
You die...
Kikubaaqudgha rasps: "You have failed me!
Welcome... death!"

#!. ... ....
#.#
#...##.#######
#...........
#.........#
#%...h5...#
####.#.5.O@.#
......c####5#
......<.# ...
[)..###.# ####
##. .# .. .. #
..# #.c ###


You could see a black bear, an ogre, a centaur, a friendly quasit and 2 friendly
white imps.

Vanquished Creatures
  Sigmund (D:3)
  A hound (D:5)
  2 orc priests (D:4)
  Jessica (D:2)
  7 adders
  An adder skeleton (D:4)
  2 worms
  A dart slug (D:1)
  3 leopard geckos (D:2)
  7 orcs (D:4)
  5 bats
  7 giant cockroaches
  7 hobgoblins
  8 jackals
  5 quokkas
  6 frilled lizards
  5 goblins
  7 kobolds
  7 rats
83 creatures vanquished.

Vanquished Creatures (collateral kills)
  Blork the orc (D:4)
  An orc wizard (D:3)
  A worm (D:2)
  A dart slug (D:1)
  A giant cockroach (D:1)
  A quokka (D:2)
  A leopard gecko skeleton (D:4)
7 creatures vanquished.

Grand Total: 90 creatures vanquished

Notes
Turn   | Place    | Note
-------+----------+-------------------------------------------
     0 | D:1      | drt the Demonspawn Necromancer began the quest for the Orb.
     0 | D:1      | Reached XP level 1. HP: 13/13 MP: 3/3
    68 | D:1      | Learned a level 1 spell: Animate Skeleton
   648 | D:1      | Gained mutation: You are slightly more attuned to the shadows. [demonic ancestry]
   648 | D:1      | Reached XP level 2. HP: 15/19 MP: 3/5
   789 | D:1      | Reached skill level 5 in Necromancy
  1521 | D:2      | Noticed Jessica
  1525 | D:2      | Killed Jessica
  1525 | D:2      | Gained mutation: A weak demonic guardian rushes to your aid. [demonic ancestry]
  1525 | D:2      | Reached XP level 3. HP: 22/24 MP: 2/6
  1796 | D:2      | Gained mutation: You are partially covered in icy blue scales. (AC +2) [demonic ancestry]
  1796 | D:2      | Reached XP level 4. HP: 26/30 MP: 0/8
  1980 | D:2      | Learned a level 4 spell: Animate Dead
  1990 | D:2      | Found a hazy altar of Hepliaklqana.
  2882 | D:3      | Reached skill level 6 in Necromancy
  2969 | D:3      | Found a shimmering altar of Xom.
  3141 | D:3      | Found a basalt altar of Yredelemnul.
  3160 | D:3      | Noticed Sigmund
  3173 | D:3      | Killed Sigmund
  3173 | D:3      | Gained mutation: You are mostly covered in icy blue scales. (AC +3) [demonic ancestry]
  3173 | D:3      | Reached XP level 5. HP: 18/34 MP: 3/11
  3173 | D:3      | Reached XP level 6. HP: 21/40 MP: 3/12
  3285 | D:3      | Became a worshipper of Yredelemnul the Dark
  3818 | D:5      | Entered Level 5 of the Dungeon
  4105 | D:4      | Noticed Blork the orc
  4112 | D:4      | Killed Blork the orc
  4234 | D:4      | Reached skill level 7 in Necromancy
  4498 | D:4      | Found a staircase to the Ecumenical Temple.
  4510 | Temple   | Entered the Ecumenical Temple
  4536 | Temple   | Fell from the grace of Yredelemnul
  4536 | Temple   | Became a worshipper of Kikubaaqudgha
  5052 | D:5      | Noticed a soul eater
  5098 | D:6      | Mangled by an ogre

Skill      XL: |  1  2  3  4  5  6 |
---------------+-------------------+-----
Necromancy     | 5 6 7 |  7.1
Spellcasting   | 4 |  4.8
Dodging        | 2 |  2.1
Long Blades    | |  0.3
Stealth        | |  1.7

Action                   |  1- 3 |  4- 6 || total
-------------------------+-------+-------++-------
Melee: Dagger            |     2 |       ||     2
       Mace              |     3 |       ||     3
       Spear             |       |     8 ||     8
       Staff             |       |     9 ||     9
       Double sword      |       |     7 ||     7
 Cast: Pain              |    62 |   109 ||   171
       Animate Skeleton  |     9 |     9 ||    18
       Animate Dead      |       |    12 ||    12
Evoke: Staff of energy   |       |     1 ||     1
  Use: Scroll            |     3 |     6 ||     9
       Potion            |       |     8 ||     8
 Stab: Sleeping          |       |     2 ||     2
  Eat: Fruit             |     2 |     1 ||     3
       Chunk             |     2 |     5 ||     7
       Royal jelly       |       |     1 ||     1
       Bread ration      |       |     1 ||     1
Armor: Robe              |     4 |    25 ||    29
Dodge: Dodged            |    18 |    32 ||    50
       Rpst.: Double sword |       |     2 ||     2
